AoeStats
← 739697286

Lombardia

508187088Analyzed
4v4 RM · 12d ago on Sep 21, 2026· 46m 7s· 8 players
Game mode
Random Map
Map size
Large (8 player)
Population
200
Speed
Normal
Resources
Standard
Victory
Conquest
Starting age
Dark Age
Ending age
Imperial Age
RankedLock teamsTeams togetherTeam positionsShared explorationLock speedFull tech treeHidden civsTurbo modeCheats
Victory
Defeat
🇹🇼 Mongols · Taiwan
1752
+8
🇨🇳 Tupi · China
1671
+11
🇧🇪 Burmese · Belgium
1550
+16
🇹🇼 Magyars · Taiwan
1518
+16
🇨🇳 Wei · China
1593
-14
🇨🇳 Hindustanis · China
1585
-14
🇨🇳 Vietnamese · China
1558
-13
🇨🇳 Persians · China
1491
-10
精锐 N B
11:13 Feudal Age
16:42 Castle Age
16:48 Double-Bit Axe
20:16 Loom
23:48 Bow Saw
29:15 Wheelbarrow
30:41 Hand Cart
31:06 Gold Mining
31:48 Scale Barding Armor
31:53 Forging
35:38 Imperial Age
33:28 Bloodlines
33:18 Husbandry
34:54 Scale Barding Armor
34:59 Forging
36:05 Chain Barding Armor
35:23 Light Cavalry
36:54 Gold Shaft Mining
36:13 Stone Mining
35:48 Heavy Camel Rider
37:22 Plate Barding Armor
37:23 Iron Casting
37:09 Grand Trunk Road
37:17 Hussar
39:15 Blast Furnace
38:35 Imperial Camel Rider
40:23 Town Watch
42:28 Town Patrol
seabed
8:31 Loom
10:56 Feudal Age
12:05 Double-Bit Axe
15:03 Castle Age
16:26 Fletching
25:36 Bodkin Arrow
30:32 Wheelbarrow
34:45 Bow Saw
34:59 Ballistics
34:54 Horse Collar
39:05 Imperial Age
36:41 Padded Archer Armor
38:07 Gold Mining
38:08 Stone Mining
39:58 Bracer
39:50 Elite Rattan Archer
40:57 Leather Archer Armor
43:17 Chemistry
45:34 Ring Archer Armor
奶油桃桃哈哈哈
6:29 Loom
9:03 Feudal Age
9:54 Double-Bit Axe
11:44 Horse Collar
17:16 Gold Mining
19:36 Castle Age
18:30 Wheelbarrow
17:56 Stone Mining
23:54 Hand Cart
23:30 Town Watch
24:46 Heavy Plow
31:31 Scale Barding Armor
31:37 Forging
34:01 Chain Barding Armor
36:24 Husbandry
36:34 Bloodlines
37:19 Gold Shaft Mining
39:21 Imperial Age
37:03 Fletching
37:49 Iron Casting
37:21 Thumb Ring
37:40 Caravan
38:43 Masonry
39:01 Ballistics
39:07 Bodkin Arrow
39:34 Padded Archer Armor
40:06 Bracer
41:09 Leather Archer Armor
44:01 Chemistry
44:27 Parthian Tactics
44:00 Light Cavalry
739697286
9:27 Feudal Age
9:03 Loom
10:15 Double-Bit Axe
10:44 Horse Collar
18:36 Gold Mining
21:41 Castle Age
23:00 Gold Shaft Mining
25:08 Bow Saw
35:08 Fletching
35:18 Padded Archer Armor
35:31 Forging
35:22 Scale Mail Armor
35:32 Forging
35:51 Bloodlines
37:04 Wheelbarrow
38:00 Iron Casting
37:30 Scale Barding Armor
38:00 Iron Casting
37:49 Stone Mining
38:28 Fletching
39:49 Hand Cart
42:36 Imperial Age
40:24 Elite Skirmisher
42:51 Husbandry
42:34 Light Cavalry
42:42 Heavy Camel Rider
45:28 Scale Mail Armor
45:33 Padded Archer Armor
JanVerplanken
4:20 Loom
9:55 Feudal Age
11:48 Horse Collar
11:52 Man-at-Arms
15:33 Arson
17:36 Scale Mail Armor
23:47 Castle Age
23:04 Forging
23:42 Gold Mining
23:54 Long Swordsman
24:20 Gambesons
26:58 Chain Mail Armor
29:30 Horse Collar
31:48 Heavy Plow
34:33 Wheelbarrow
39:36 Imperial Age
37:13 Town Watch
37:48 Hand Cart
38:45 Iron Casting
38:58 Gold Shaft Mining
38:15 Stone Mining
41:24 Blast Furnace
40:55 Plate Mail Armor
39:49 Two-Handed Swordsman
40:29 Squires
41:18 Champion
44:06 Pikeman
45:04 Halberdier
冬瀑
5:46 Loom
7:46 Feudal Age
9:01 Double-Bit Axe
8:56 Horse Collar
15:57 Town Watch
17:26 Wheelbarrow
19:52 Castle Age
18:32 Gold Mining
21:17 Bow Saw
23:15 Heavy Plow
32:01 Imperial Age
29:55 Fletching
30:44 Gold Shaft Mining
30:13 Stone Mining
30:51 Bodkin Arrow
32:15 Ballistics
32:44 Bracer
33:44 Conscription
34:34 Hand Cart
35:30 Chemistry
35:46 Two-Man Saw
34:58 Elite Blackwood Archer
35:53 Padded Archer Armor
37:04 Curare
37:56 Leather Archer Armor
39:33 Ring Archer Armor
42:07 Coinage
41:38 Caravan
43:37 Banking
菜就怪隊友
4:47 Loom
10:45 Feudal Age
15:50 Castle Age
13:55 Double-Bit Axe
14:30 Horse Collar
17:52 Bow Saw
18:31 Wheelbarrow
18:42 Scale Barding Armor
23:12 Bloodlines
23:10 Heavy Plow
34:49 Imperial Age
32:35 Hand Cart
33:37 Chain Barding Armor
34:02 Gold Mining
35:08 Husbandry
35:59 Conscription
35:44 Recurve Bow
36:23 Plate Barding Armor
38:26 Two-Man Saw
37:59 Crop Rotation
37:20 Elite Magyar Huszar
38:22 Fletching
38:33 Padded Archer Armor
39:36 Chemistry
39:00 Bodkin Arrow
39:44 Leather Archer Armor
40:14 Parthian Tactics
40:00 Bracer
40:30 Ballistics
40:04 Town Watch
42:02 Ring Archer Armor
41:38 Thumb Ring
41:19 Heavy Cavalry Archer
42:46 Cavalier
44:58 Gold Shaft Mining
44:03 Paladin
46:12 Caravan
[TNT] TW_RED
8:05 Feudal Age
8:38 Double-Bit Axe
14:35 Forging
19:44 Castle Age
18:29 Gold Mining
18:21 Horse Collar
19:47 Scale Barding Armor
19:58 Bloodlines
20:43 Bow Saw
19:59 Light Cavalry
23:34 Wheelbarrow
24:21 Heavy Plow
26:58 Hand Cart
33:46 Imperial Age
31:02 Loom
31:31 Fletching
32:33 Bodkin Arrow
32:41 Husbandry
33:08 Ballistics
34:27 Bracer
33:56 Elite Mangudai
35:51 Chemistry
35:57 Padded Archer Armor
37:29 Thumb Ring
38:46 Parthian Tactics
40:25 Caravan
42:35 Leather Archer Armor
42:41 Chain Barding Armor
42:56 Iron Casting
44:30 Coinage
46:00 Conscription
46:01 Drill
45:41 Nomads
45:48 Capped Ram
Connection lost

Rejoining the realm…

Still unreachable

The connection could not be restored.

Session expired

The server has moved on; the page needs a fresh start.